AoeStats
← 化劲省二

MegaRandom

504687610Analyzed
1v1 RM · 27d ago on Sep 6, 2026· 19m 57s· 2 players
Game mode
Random Map
Map size
Tiny (2 player)
Population
200
Speed
Normal
Resources
Standard
Victory
Conquest
Starting age
Dark Age
Ending age
Imperial Age
RankedLock teamsTeams togetherTeam positionsShared explorationLock speedFull tech treeHidden civsTurbo modeCheats
Victory
Defeat
🇮🇩 Armenians · Indonesia
1230
+16
🇨🇳 Khitans · China
1222
-16
化劲省二
5:28 Loom
15:42 Feudal Age
16:38 Town Watch
17:29 Wheelbarrow
Franko87
7:25 Loom
12:03 Feudal Age
12:06 Man-at-Arms
13:00 Double-Bit Axe
13:16 Long Swordsman
14:24 Arson
Connection lost

Rejoining the realm…

Still unreachable

The connection could not be restored.

Session expired

The server has moved on; the page needs a fresh start.